[Event "Che Chess Festival Blitz 2023"]
[Site "Thiruvananthapuram"]
[Date "2023.11.20"]
[Round "9.1"]
[White "Nihal Sarin"]
[Black "Praggnanandhaa R"]
[Result "0-1"]
[ECO "A48"]
[WhiteElo "2692"]
[BlackElo "2741"]
[Annotator "TA"]
[PlyCount "162"]
[EventDate "2023.11.20"]
[EventType "blitz"]
[EventCountry "IND"]
[SourceTitle "playchess.com"]
[Source "ChessBase"]
[SourceQuality "1"]
[TimeControl "180+2"]

1. b3 Nf6 2. Bb2 g6 3. Nf3 Bg7 4. e3 O-O 5. d4 d6 6. Be2 Nc6 {[%emt 0:00:11] A48: 1 d4 Nf6 2 Nf3 g6: Torre, London and Colle Systems.} 7. O-O Ne4 $5 {[%emt 0:00:11][%mdl 4] A promising side line.} 8. Nbd2 Nxd2 {[%emt 0:00:01] The position is equal.} 9. Qxd2 e5 {[%emt 0:00:02] [#]} 10. Rfd1 $146 ({Predecessor:} 10. d5 Ne7 11. c4 h6 12. h3 f5 13. Nh2 f4 14. e4 g5 15. Bh5 Kh7 16. Rac1 {0-1 Koischwitz,W (1773)-Mai,A (1949) Berlin Lichtenberger op 9th 2010 (8)}) 10... e4 11. Ne1 d5 12. c4 Ne7 13. Ba3 Re8 14. Rac1 Be6 15. Nc2 a5 16. Bb2 Qd7 17. Na3 a4 (17... c6 $11) 18. Nb5 (18. bxa4 $1 $14 Rec8 19. a5) 18... c6 $11 19. Nc3 axb3 20. axb3 Bg4 21. Na4 {[%emt 0:00:05] Nb6 would be deadly.} Bxe2 22. Qxe2 Ra7 23. Ba3 (23. Ra1 $5 Qc7 24. Nc3 Rxa1 25. Rxa1 $14) 23... dxc4 24. Bc5 Ra6 25. Bxe7 Qxe7 (25... Rxe7 $2 26. Nc5 (26. Rxc4 Qd6 $11) 26... Qd5 27. Nxa6 (27. Qxc4 Rb6 $11) (27. Rxc4 Ra8 $11) 27... bxa6 28. Qxc4 $18) 26. Nc5 Ra7 27. Qxc4 $2 (27. bxc4 $11 {and White has nothing to worry.} b6 28. Nb3) 27... b6 $19 28. Na6 (28. Nxe4 {was necessary.} Qxe4 29. Qxc6) 28... Bf8 $1 29. b4 Rea8 30. Qxc6 {[%emt 0:00:02] Black must now prevent Nc7.} Rxa6 31. b5 Ra2 32. Qxb6 $2 (32. Rf1) 32... Rb2 $2 ({Not} 32... Qh4 $2 33. Rf1 $19) (32... Rxf2 33. Qc7 Raa2) 33. Rb1 $2 (33. Qc6 Raa2 34. Rf1) 33... Rxb1 $2 (33... Rxf2 {[%cal Oe7g5] ( -> ...Qg5!)} 34. Rf1 Rd2) 34. Rxb1 {[%emt 0:00:01] [#]} Qb4 $3 {[%emt 0:00:01][%cal Rb4b1][%mdl 576] Deflection, Back Rank} 35. Rf1 (35. Rd1 Ra5) 35... Ra5 36. Qc6 Qxb5 37. Qxe4 Qb2 38. g3 h5 39. h4 (39. Qd3 {is a better defense.}) 39... Ra2 40. Kg2 Qd2 41. Qf3 Bh6 42. Kg1 Bf8 $2 (42... Ra5 $19 {And now ...Rf5 would win.} 43. Rd1 Qc2) 43. Rb1 $2 (43. Kg2 $1 $11 {and White stays safe.}) 43... Rc2 44. Rb7 {[%emt 0:00:07] [#]} Qc1+ $1 45. Kg2 Rc7 46. Rb8 Qc6 47. Qxc6 Rxc6 $17 {[%emt 0:00:00][%mdl 4096] Endgame KRB-KR} 48. Rb2 Kg7 49. Ra2 Kf6 50. Rb2 Bd6 51. Ra2 Rb6 52. Rc2 Ke6 53. Kf3 Kd5 54. Ra2 Rb7 55. Ra5+ Kc4 (55... Kc6 $17 56. Ra6+ Kd7) 56. Ra6 ({Better is} 56. g4 $1 $15) 56... Be7 57. Ra2 (57. Ra5 $142) 57... Kc3 (57... Kd5 $17 58. Ra1 Rb3) 58. Kg2 (58. Ra6 $15) 58... Kd3 59. Kf1 Rc7 60. Rb2 Bd6 61. Rb3+ Kc2 (61... Ke4 $142 {...Kf3 is the strong threat.} 62. Kg2 Ra7) 62. Rb6 Ba3 (62... Rd7 $15) 63. Ke2 $11 Bb2 64. Rb5 Kc3 65. Rb6 Ba3 66. Rb8 (66. f4 $11) 66... Bd6 67. Rb6 Bb4 68. Rb8 (68. f4 $11) 68... Kc4 $17 69. Rb6 Ba5 70. Rb8 Ra7 71. Rc8+ Bc7 72. Rf8 {[%emt 0:00:04] [#]} Bd6 $1 73. Rc8+ Kb3 (73... Kd5 $17 {Black wants to play ...Ke4.} 74. Rd8 Ke6 75. Re8+ Kd5) 74. Rc6 Bb4 75. Kd3 Be7 76. Rb6+ Bb4 77. d5 Ka4 78. Kd4 Be1 (78... Ka5 $5 79. Rf6 Bf8 $17) 79. Rf6 Kb4 {[%emt 0:00:03] aiming for ...Bc3+.} 80. Rb6+ Ka4 81. Rf6 Kb3 {[%emt 0:00:01][%mdl 32768] Weighted Error Value: White=0.50/Black=0.30. Sensor Board Error (Ke4/e5)?} 0-1

[Event "Che Chess Festival Blitz 2023"]
[Site "Thiruvananthapuram"]
[Date "2023.11.20"]
[Round "10.1"]
[White "Praggnanandhaa R"]
[Black "Nihal Sarin"]
[Result "1-0"]
[ECO "E14"]
[WhiteElo "2741"]
[BlackElo "2692"]
[Annotator "TA"]
[PlyCount "75"]
[EventDate "2023.11.20"]
[EventType "blitz"]
[EventCountry "IND"]
[SourceTitle "playchess.com"]
[Source "ChessBase"]
[SourceQuality "1"]
[TimeControl "180+2"]

1. d4 Nf6 2. c4 e6 3. Nf3 d5 4. e3 b6 5. b3 Bb7 6. Bb2 Nbd7 7. Nbd2 Bd6 8. Bd3 O-O 9. O-O c5 10. Qe2 {[%emt 0:00:04] 10.cxd5 is the modern continuation.} Re8 {[%emt 0:00:00] [#] E14: Queen's Indian: Classical Variation (4 e3).} 11. Rfd1 $146 ({Predecessor:} 11. Ne5 Ne4 12. cxd5 exd5 13. Nxd7 Qxd7 14. Nxe4 dxe4 15. Bc4 Qf5 16. Rad1 a6 17. a4 b5 18. dxc5 Qxc5 19. axb5 axb5 20. Bxb5 {1-0 Hoehfeld,M (1809)-Zschiesing,F (1945) Arco op 45th 2023 (5)}) 11... cxd4 12. exd4 (12. Nxd4 {keeps more tension.} Qb8 13. cxd5 Bxh2+ 14. Kh1) 12... Rc8 {[%emt 0:00:00] The position is equal.} 13. Rac1 Bf8 14. Ne5 g6 15. Ndf3 Bh6 16. Rc2 Qe7 17. h4 dxc4 18. bxc4 Nxe5 19. Nxe5 Nd7 20. Ng4 (20. Nxd7 $11 Qxd7 21. Be4) 20... Bg7 $15 21. h5 gxh5 (21... f5 {simplifies} 22. hxg6 hxg6 23. Nh2 Bc6) 22. Ne5 ({White should play} 22. Ne3 $15) 22... Nxe5 $17 23. dxe5 Qg5 {[%emt 0:00:00][%csl Gb7][%cal Rg5g2] [#]} 24. Be4 Bxe4 25. Qxe4 Qg4 26. Qxg4 hxg4 27. Rd7 {[%emt 0:00:02] [#]} Red8 $1 28. Rxa7 Rc5 (28... Rd1+ $17 29. Kh2 Rb1) 29. Rb7 $11 Bxe5 30. Bxe5 {[%emt 0:00:01] aiming for Bf6.} Rxe5 31. Rxb6 {[%emt 0:00:01][%mdl 4096] Endgame KRR-KRR} Rd1+ 32. Kh2 Rd3 (32... h5 $11 33. Rb5 (33. c5 $2 h4 $19) 33... Ree1) 33. Rb1 (33. Rb5 $16 g3+ 34. fxg3) 33... Rh5+ 34. Kg1 {[%emt 0:00:01] c5 would be deadly.} Rd7 (34... Rd6 $11) 35. c5 $14 {[%emt 0:00:15][%cal Bc4c5,Bc5c6][%mdl 32] And now c6 would win.} Rhd5 $2 (35... Rc7 $14) 36. c6 $18 {[%emt 0:00:18] White is clearly winning.} Rc7 37. Rb7 g3 38. fxg3 {[%emt 0:00:03] Quite a comeback for White.   Weighted Error Value: White=0.22 (precise) /Black=0.21 (precise)} (38. Rxc7 $2 Rd1#) 1-0